 Dungeon Crawl Stone Soup version 0.26-a0-110-g95b6527cb0 (webtiles) character file.

Game seed: 14848054534577086227

1896 MalarOregon the Insei (level 8, -4/68 HPs)
             Began as a Green Draconian Transmuter on June 22, 2020.
             Was a Follower of Makhleb.
             Killed from afar by Harold (11 damage)
             ... with a harpoon shot
             ... on level 7 of the Dungeon on June 23, 2020.
             The game lasted 00:21:47 (10283 turns).

MalarOregon the Insei (Green Draconian Transmuter) Turns: 10283, Time: 00:21:47

Health: -4/68      AC:  7    Str: 12    XL:     8   Next: 93%
Magic:  15/15      EV: 10    Int: 14    God:    Makhleb [*.....]
Gold:   342        SH:  0    Dex: 14    Spells: 6/16 levels left

rFire    + . .     SeeInvis .     - Unarmed
rCold    . . .     Faith    .   x - +0 tower shield
rNeg     . . .     Spirit   .   (armour unavailable)
rPois    +         Reflect  .   (helmet restricted)
rElec    .         Harm     .   y - +0 cloak
rCorr    .                      (no gloves)
MR       .....                  (no boots)
Stlth    +.........             (no amulet)
HPRegen  0.21/turn              i - ring of protection from fire
MPRegen  0.14/turn              (no ring)

@: confused, short of breath
A: breathe noxious fumes, unfitting armour, poison resistance, cold-blooded, AC
+6
a: Breathe Noxious Fumes, Renounce Religion


You were on level 7 of the Dungeon.
You worshipped Makhleb.
Makhleb was aware of your devotion.
You were hungry.

You visited 2 branches of the dungeon, and saw 8 of its levels.
You also visited: Sewer.

You collected 342 gold pieces.

Inventory:

Missiles
 a - 90 arrows
 j - 2 curare-tipped darts (quivered) {!f}
Armour
 x - a +0 tower shield (worn)
   (You found it on level 3 of the Dungeon)
 y - a +0 cloak (worn)
   (You found it on level 4 of the Dungeon)
Jewellery
 g - an uncursed ring of protection from magic {unknown}
   (You found it on level 6 of the Dungeon)
 i - a ring of protection from fire (left hand)
   (You found it on level 3 of the Dungeon)
 z - an uncursed ring of protection from fire
   (You found it on level 6 of the Dungeon)
 B - a cursed amulet of inaccuracy {unknown}
   (You found it on level 5 of the Dungeon)
 F - an uncursed amulet of reflection
   (You took it off a crimson imp on level 6 of the Dungeon)
Wands
 d - a wand of iceblast (9)
   (You found it on level 5 of the Dungeon)
 t - a wand of flame (26)
   (You found it on level 4 of the Dungeon)
Scrolls
 b - a scroll of amnesia {unknown}
 f - 4 scrolls of teleportation {unknown}
 k - 2 scrolls of remove curse {@r2}
 p - 3 scrolls of enchant armour {unknown}
 u - 2 scrolls of immolation {unknown}
 v - 2 scrolls of magic mapping
 w - a scroll of random uselessness {unknown}
 C - 2 scrolls of noise {unknown}
 D - 2 scrolls of identify {@r1}
 H - a scroll of blinking
 I - a scroll of enchant weapon {unknown}
Potions
 c - a potion of ambrosia
 h - 2 potions of stabbing
 l - 3 potions of flight
 m - a potion of cancellation
 n - a potion of berserk rage
 o - 5 potions of curing {@q1}
 q - a potion of might
 r - 3 potions of heal wounds {unknown}
 s - 4 potions of brilliance {unknown}
 A - 2 potions of resistance
Comestibles
 e - 14 rations {!d}
 E - 6 chunks of flesh


   Skills:
 + Level 5.1 Fighting
 + Level 4.7 Dodging
 + Level 4.0 Shields
 + Level 5.6 Unarmed Combat
 + Level 4.8 Spellcasting
 + Level 5.1 Transmutations


You had 6 spell levels left.
You knew the following spells:

 Your Spells              Type           Power        Failure   Level  Hunger
a - Beastly Appendage     Tmut           ###...       32%         1    None
c - Ice Form              Ice/Tmut       ##......     100%        4    ####...
s - Sticks to Snakes      Tmut           ###.....     43%         2    ##.....
x - Spider Form           Tmut/Pois      ##........   95%         3    ###....

Your spell library contained the following spells:

 Spells                   Type           Power        Failure   Level  Hunger
 Animate Skeleton         Necr           N/A          95%         1    None
 Apportation              Tloc           #.....       95%         1    None
 Corona                   Hex            #......      95%         1    None
 Summon Small Mammal      Summ           #...         95%         1    None
 Blade Hands              Tmut           ###.......   100%        5    ######.


Dungeon Overview and Level Annotations

Branches:
Dungeon (7/15)             Temple (1/1) D:4           Sewer (visited)

Altars:
Ashenzari
Cheibriados
Dithmenos
Elyvilon
Fedhas
Gozag
Hepliaklqana
Kikubaaqudgha
Makhleb
Nemelex Xobeh
Okawaru
Qazlal
Ru
Sif Muna
Trog
Uskayaw
Vehumet
Wu Jian
Xom
Yredelemnul
Zin
The Shining One

Annotations:
D:7 Harold


Innate Abilities, Weirdness & Mutations

You can breathe blasts of noxious fumes.
Your lurid green scales are hard. (AC +6)
You cannot fit into any form of body armour.
Your system is resistant to poisons. (rPois)
You are cold-blooded and may be slowed by cold attacks.


Message History

Aim: Harold, wielding a +0 scimitar, wearing a +0 chain mail and quivering 2 throwing nets Really fire
j - 3 curare-tipped darts {!f}?
You throw a curare-tipped dart {!f}.
The curare-tipped dart {!f} hits Harold.
Harold is poisoned.
Harold convulses.
Harold seems to slow down.
You block Harold's attack.
Aim: Harold, wielding a +0 scimitar, wearing a +0 chain mail and quivering 2 throwing nets (lightly wounded, very poisoned, slow)
You exhale a blast of noxious fumes.
The blast of choking fumes hits Harold but does no damage.
The blast of choking fumes hits the adder.
You are feeling hungry.
The adder is engulfed in noxious fumes. x2
You hit Harold. You tail-slap Harold, but do no damage.
The adder is engulfed in noxious fumes.
The adder appears confused.
Harold is engulfed in noxious fumes.
Harold appears confused.
You strike the helpless adder from behind!
You hit the adder.
The adder is engulfed in noxious fumes.
The adder appears confused.
The adder bites Harold but does no damage.
Harold is engulfed in noxious fumes.
Harold laughs crazily.
Harold hits the adder with a +0 scimitar!
The adder is killed!
Makhleb accepts your kill.
Harold hits himself with a +0 scimitar!
Things that are here:
a curare-tipped dart {!f}; a bullfrog corpse You hit Harold but do no damage.
You hit Harold. You hit Harold. You tail-slap Harold, but do no damage.
Harold hits you with a +0 scimitar!!
* * * LOW HITPOINT WARNING * * *
You hit Harold but do no damage. You block Harold's attack.
You hit Harold. You tail-slap Harold, but do no damage.
Harold seems less confused.
You hit Harold but do no damage. You tail-slap Harold, but do no damage.
Harold looks more healthy.
Harold hits you with a +0 scimitar!
* * * LOW HITPOINT WARNING * * *
Okay, then.
Okay, then.
Okay, then.
Okay, then.
Okay, then.
Harold throws a throwing net.
You block the throwing net.
You see here a throwing net {!f}.
You are confused.
You feel invigorated.
Harold is no longer moving slowly.
Harold fires a harpoon shot at you. The harpoon shot hits you!
You die...

#.......#
#.......#
#.......#
#.......#
######'##
..#.#
#.#.#
#.#.#
#@#.#
#.#.#
#(#.###
#@....#
###.#.#
#S....#
#.@F#.###
##..#.#
#..#.#


You could see Harold.

Vanquished Creatures
  An orc warrior (D:7)
  A sky beast (D:7)
  2 ogres
  2 centaurs
  3 big kobolds (Sewer)
  A bullfrog (D:7)
  A scorpion (D:6)
  A howler monkey (D:6)
  A crimson imp (D:6)
  A centaur zombie (D:7)
  A bullfrog zombie (D:5)
  3 hounds
  6 orc priests
  A jelly (D:6)
  6 worker ants
  An iguana (D:6)
  5 orc wizards
  10 adders
  8 river rats (Sewer)
  A shadow imp (D:6)
  An adder skeleton (D:4)
  An adder zombie (D:6)
  3 worms
  3 leopard geckos
  23 orcs
  5 giant cockroaches
  4 goblins
  4 hobgoblins
  8 jackals
  4 ball pythons (Sewer)
  11 bats
  5 frilled lizards
  20 kobolds
  A leopard gecko skeleton (D:4)
  A quokka skeleton (D:4)
  24 rats
174 creatures vanquished.

Vanquished Creatures (others)
  A bush (D:6)
1 creature vanquished.

Grand Total: 175 creatures vanquished

Notes
Turn   | Place    | Note
-------+----------+-------------------------------------------
     0 | D:1      | MalarOregon the Draconian Transmuter began the quest for
                  | the Orb.
     0 | D:1      | Reached XP level 1. HP: 16/16 MP: 3/3
   569 | D:1      | Reached XP level 2. HP: 22/23 MP: 5/5
   573 | D:1      | Learned a level 2 spell: Sticks to Snakes
  1422 | D:2      | Reached XP level 3. HP: 15/29 MP: 4/6
  1853 | D:2      | Noticed an ogre
  1875 | D:2      | Killed an ogre
  1875 | D:2      | Reached XP level 4. HP: 17/37 MP: 5/8
  2090 | D:2      | Learned a level 3 spell: Spider Form
  2224 | D:2      | Reached XP level 5. HP: 35/42 MP: 9/9
  2769 | D:3      | Found a glowing drain.
  2785 | Sewer    | Entered a sewer
  2824 | Sewer    | HP: 2/42 [rat (2)]
  3746 | Sewer    | Reached skill level 1 in Shields
  3746 | Sewer    | Reached XP level 6. HP: 17/50 MP: 10/10
  4783 | D:3      | Your scales start taking on a lurid green colour.
  4783 | D:3      | Reached XP level 7. HP: 48/57 MP: 12/12
  4783 | D:3      | Gained mutation: Your system is resistant to poisons.
                  | (rPois) [Green Draconian growth]
  5658 | D:3      | Learned a level 4 spell: Ice Form
  5677 | D:4      | Found a staircase to the Ecumenical Temple.
  5721 | Temple   | Entered the Ecumenical Temple
  5934 | Temple   | Upgraded the game from 0.26-a0-104-gef3e9dd61f to
                  | 0.26-a0-110-g95b6527cb0
  5963 | Temple   | Became a worshipper of Makhleb the Destroyer
  6951 | D:5      | Entered Level 5 of the Dungeon
  7832 | D:5      | Found a stormy altar of Qazlal.
  8049 | D:6      | Reached XP level 8. HP: 65/66 MP: 12/14
  8255 | D:6      | Reached skill level 5 in Unarmed Combat
  8936 | D:6      | Found a shattered altar of Ashenzari.
  9057 | D:6      | Reached * piety under Makhleb
  9724 | D:7      | Reached skill level 5 in Fighting
  9724 | D:7      | Reached skill level 5 in Transmutations
 10251 | D:7      | Noticed Harold
 10280 | D:7      | HP: 1/68 [Harold/+0 scimitar (16)]
 10283 | D:7      | Killed from afar by Harold

Illustrated notes

Levels and vault maps discovered:
D:1:      saegor_arrival_simple_c, layout_basic
D:2:      layout_basic, serial_rivers, chequers_serial_rivers_micro_d,
          chequers_serial_rivers_micro_d, chequers_serial_rivers_micro_e,
          chequers_serial_rivers_micro_d, chequers_serial_rivers_micro_e,
          nrook_mini_backslash
D:3:      layout_basic, gup_sewer_entry_pipe
D:4:      layout_loops_cross, minmay_temple_entry_junction, first_ration,
          minmay_pentomino_pile
D:5:      layout_basic, basic_altar
D:6:      layout_rooms, kennysheep_mini, kb_lookout_dungeons_type,
          grunt_ministairs_11
D:7:      layout_basic, uniq_harold
Temple:   nicolae_temple_the_god_donut

Skill      XL: |  1  2  3  4  5  6  7  8 |
---------------+-------------------------+-----
Dodging        | 2 3 4 |  4.7
Fighting       | 2 3 4 5 |  5.1
Transmutations | 3 4 5 |  5.1
Spellcasting   | 3 4 |  4.8
Shields        | 1 2 4 |  4.0
Unarmed Combat | 4 5 |  5.6

Action                   |  1- 3 |  4- 6 |  7- 9 || total
-------------------------+-------+-------+-------++-------
Melee: Unarmed           |   108 |   294 |   535 ||   937
       Tailslap          |    16 |    35 |    74 ||   125
       Kick              |     3 |    27 |     8 ||    38
       Punch             |     1 |       |       ||     1
       Headbutt          |       |    12 |     2 ||    14
Throw: Dart              |     2 |     1 |     4 ||     7
 Cast: Beastly Appendage |     8 |    18 |     3 ||    29
 Abil: Breathe Noxious F |       |       |     2 ||     2
Evoke: Wand              |       |       |     2 ||     2
  Use: Scroll            |       |       |    11 ||    11
       Potion            |       |       |     1 ||     1
 Stab: Sleeping          |     2 |       |     1 ||     3
       Confused          |       |       |     1 ||     1
  Eat: Chunk             |     3 |     9 |    19 ||    31
Armor: Skin              |    37 |    97 |   126 ||   260
Dodge: Dodged            |    79 |   179 |   150 ||   408
Block: Kite shield       |       |   114 |    26 ||   140
       Tower shield      |       |       |   237 ||   237

Table legend:
 A = Non-vault XP
 B = Vault XP
 C = Vault XP percentage of total XP
 D = Non-vault monster count
 E = Vault monster count
 F = Vault count percentage of total count
                 A         B        C        D         E       F
            +---------+---------+-------+---------+---------+-------
      Total |    2054 |     655 |  24.2 |     119 |      55 |  31.6
            +---------+---------+-------+---------+---------+-------
        D:1 |      26 |       0 |   0.0 |      18 |       0 |   0.0
        D:2 |     175 |       0 |   0.0 |      22 |       0 |   0.0
        D:3 |     130 |      12 |   8.5 |      22 |       5 |  18.5
        D:4 |     181 |      46 |  20.3 |      11 |       1 |   8.3
        D:5 |     338 |       0 |   0.0 |       8 |       0 |   0.0
        D:6 |     644 |     115 |  15.2 |      25 |       1 |   3.8
        D:7 |     560 |       0 |   0.0 |      13 |       0 |   0.0
      Sewer |       0 |     482 | 100.0 |       0 |      48 | 100.0
            +---------+---------+-------+---------+---------+-------
